 Dungeon Crawl Stone Soup version 0.29.1-15-g9cfb28693d (webtiles) character file.

Game seed: 9536320144749101176

79 leafyfresh the Sneak (level 4, 0/33 HPs)
             Began as an Octopode Delver on Mar 9, 2023.
             Was an Initiate of Ashenzari.
             Slain by an orc wizard
             ... wielding a +0 dagger
              (4 damage)
             ... on level 3 of the Dungeon.
             The game lasted 00:01:13 (1337 turns).

leafyfresh the Sneak (Octopode Delver)              Turns: 1337, Time: 00:01:14

Health: 0/33       AC:  1    Str: 11    XL:     4   Next: 37%
Magic:  4/4        EV: 13    Int: 14    God:    Ashenzari [......]
Gold:   86         SH:  0    Dex: 13    Spells: 3/3 levels left

rFire   . . .      SeeInvis .   a - +0 short sword
rCold   . . .      Faith    .   (no shield)
rNeg    . . .      Spirit   .   (helmet restricted)
rPois   .          Reflect  .   (no amulet)
rElec   .          Harm     .   (no ring)
rCorr   .          Rampage  .   (no ring)
Will    .....                   (no ring)
Stlth   ++++......              (no ring)
HPRegen 0.11/turn               (no ring)
MPRegen 0.09/turn               (no ring)
                                (no ring)
                                (no ring)

@: no status effects
A: almost no armour, amphibious, 8 rings, camouflage 1, gelatinous body 1,
(nimble swimmer 1), tentacles
a: Renounce Religion


You were on level 3 of the Dungeon.
You worshipped Ashenzari.
Ashenzari was noncommittal.
You visited 1 branch of the dungeon, and saw 3 of its levels.

You collected 86 gold pieces.

Inventory:

Hand Weapons
 a - a +0 short sword (weapon)
Jewellery
 j - a ring of magical power
 n - a +4 ring of protection
Wands
 f - a wand of digging (3)
 g - a wand of polymorph (10)
Scrolls
 b - a scroll of fog
 c - 2 scrolls of magic mapping
 d - a scroll of fear
 i - a scroll of identify {unknown}
 k - a scroll of immolation {unknown}
 o - a scroll of enchant armour {unknown}
Potions
 e - a potion of haste
 h - a potion of degeneration {unknown}
 l - 2 potions of brilliance {unknown}
 m - a potion of magic {unknown}


   Skills:
 + Level 3.8 Fighting
 - Level 2.0 Short Blades
 + Level 3.0 Dodging
 + Level 7.4 Stealth


You had 3 spell levels left.
You didn't know any spells.
Your spell library was empty.

Dungeon Overview and Level Annotations

Branches:
Dungeon (5/15)
 Temple: D:4-7

Altars:
Ashenzari
Dithmenos
Hepliaklqana
Kikubaaqudgha
Vehumet
The Shining One

Shops:
D:5 *


Innate Abilities, Weirdness & Mutations

You cannot wear most types of armour.
You are amphibious.
You can wear up to eight rings at the same time.
Your skin changes colour to match your surroundings (Stealth+).
Your rubbery body absorbs attacks. (AC +1, EV +1)
((You are camouflaged when in or above water. (Stealth+)))
You have tentacles for arms and can constrict up to eight enemies at once.


Message History

The orc wizard flickers and vanishes!
Deactivating autopickup; reactivate with Ctrl-A.
You hit the orc. You grab the orc. You squeeze the orc, but do no damage.
The orc is lightly wounded.
You constrict the orc. The orc hits you with a +0 club.
You hit the orc. You squeeze the orc, but do no damage.
The orc is heavily wounded.
You constrict the orc, but do no damage.
The orc hits you but does no damage.
You hit the orc but do no damage.
The orc is heavily wounded.
You constrict the orc. The orc hits you with a +0 club.
You hit the orc. You squeeze the orc.
The orc is almost dead.
You constrict the orc.
You kill the orc!
Your Dodging skill increases to level 3!
You closely miss something. Something hits you.
You hit something. Something hits you.
You miss something. Something hits you.
You hit something.
You hear some strange, mumbled words.
You are confused.
You miss something. Your squeeze misses something. Something hits you.
You closely miss something. Something hits you.
You're too confused to move!
Something hits you.
You're too confused to move!
Something hits you.
* * * LOW HITPOINT WARNING * * *
You bump into the rock wall.
Something hits you.
* * * LOW HITPOINT WARNING * * *
You closely miss something.
Your tentacle-slap misses something.
Your squeeze misses something.
You hear some strange, mumbled words.
A magic dart appears from out of thin air!
The magic dart hits you.
* * * LOW HITPOINT WARNING * * *
You hit something but do no damage.
You feel less confused. Something hits you.
You die...

#.######.####
#.#.[##......
###.#.##..#####
#...#)#.#'#####
#.#.#..#....##.
#.#.#.##......)
####.#...##....#..
#......#.##....#..
#@######.##....#..
#{# #.##....#..
#o# ..##....#..
#o# ####[...#..
#.# #....#.. #.#
#.. #.# #.. #.#
#.. #..


You could see 2 orcs.

Vanquished Creatures
  A hound (D:4)
  2 adders
  6 orcs (D:3)
  A ball python (D:3)
  4 endoplasms
  2 goblins (D:3)
  A hobgoblin (D:3)
  4 jackals (D:4)
  A kobold (D:3)
  A rat (D:3)
23 creatures vanquished.

Notes
Turn   | Place    | Note
-------+----------+-------------------------------------------
     0 | D:5      | leafyfresh the Octopode Delver began the quest for the Orb.
     0 | D:5      | Reached XP level 1. HP: 16/16 MP: 1/1
    70 | D:5      | Found a glowing golden altar of the Shining One.
    76 | D:5      | Noticed a jelly
    95 | D:5      | Found Ginuury's General Store.
    97 | D:4      | Noticed an orc priest
   104 | D:3      | Found a shadowy altar of Dithmenos.
   138 | D:3      | Reached XP level 2. HP: 21/21 MP: 2/2
   147 | D:3      | Reached skill level 7 in Stealth
   182 | D:3      | You fall into a shaft and drop 1 floor!
   182 | D:4      | Found a hazy altar of Hepliaklqana.
   182 | D:4      | Found a radiant altar of Vehumet.
   182 | D:4      | Found a broken altar of Ashenzari.
   188 | D:4      | Became a worshipper of Ashenzari the Shackled
   218 | D:4      | Reached XP level 3. HP: 24/26 MP: 3/3
   226 | D:4      | Reached XP level 4. HP: 15/33 MP: 4/4
   306 | D:4      | Noticed a black bear
  1253 | D:3      | Found an ancient bone altar of Kikubaaqudgha.
  1337 | D:3      | Slain by an orc wizard

Illustrated notes

Levels and vault maps discovered:
D:3:      layout_basic, amcnicky_altar_gilded, mainiacjoe_overflow_alcove_2,
          st_stairs_14, minmay_cut_off, uniq_jessica
D:4:      layout_layer_cave, chequers_temple_overflow_statue_of_worship,
          minmay_temple_entry_fiery
D:5:      layout_cave_pods, zin_academy, makhleb_blood_cavern_becter,
          grunt_gozag_statues, tso_metal_star, nicolae_ossuary_entry_monument,
          serial_shops, nicolae_square_shop, minivault_24

Skill      XL: |  1  2  3  4 |
---------------+-------------+-----
Stealth        | 7 |  7.4
Dodging        | 3 |  3.0
Fighting       | |  3.8
Short Blades   | |  2.0

Action                   |  1- 3 |  4- 6 || total
-------------------------+-------+-------++-------
Melee: Short sword       |    18 |    37 ||    55
       Tentacles         |     4 |     7 ||    11
       Constrict         |     4 |     6 ||    10
       Punch             |     1 |       ||     1
 Stab: Sleeping          |     6 |     4 ||    10
       Distracted        |       |     1 ||     1
Armor: Skin              |     4 |     3 ||     7
Dodge: Dodged            |     9 |    21 ||    30
